 Dungeon Crawl Stone Soup version 0.29-a0-360-g8ed1089bbe (webtiles) character file.

Game seed: 3569282167170473309

9174 HendSelp the Carver (level 11, -7/71 HPs)
             Began as a Tengu Monk on Apr 28, 2022.
             Was a High Priest of Makhleb.
             Mangled by a boulder beetle (52 damage)
             ... on level 11 of the Dungeon.
             The game lasted 00:13:08 (11849 turns).

HendSelp the Carver (Tengu Monk)                   Turns: 11849, Time: 00:13:08

Health: -7/71      AC: 11    Str: 14    XL:     11   Next: 42%
Magic:  21/21      EV: 23    Int: 10    God:    Makhleb [*****.]
Gold:   539        SH:  0    Dex: 22    Spells: 10/10 levels left

rFire   . . .      SeeInvis .   o - +1 scimitar (flame)
rCold   + . .      Faith    .   (no shield)
rNeg    . . .      Spirit   .   b - +2 robe
rPois   .          Reflect  .   (helmet restricted)
rElec   .          Harm     .   p - +3 cloak "Puodiarr" {rC+ Will+ Str+3}
rCorr   .          Rampage  .   e - +2 pair of gloves
Will    +....                   (boots unavailable)
Stlth   ++........              (no amulet)
HPRegen 0.21/turn               i - +4 ring of slaying
MPRegen 0.17/turn               l - ring of magical power

@: flying quickly and evasively, quick
A: beak, talons 3, nimble flight
a: Renounce Religion, Minor Destruction, Lesser Servant of Makhleb, Major
Destruction, Greater Servant of Makhleb


You were on level 11 of the Dungeon.
You worshipped Makhleb.
Makhleb was extremely pleased with you.
You visited 2 branches of the dungeon, and saw 12 of its levels.
You also visited: Sewer.

You collected 539 gold pieces.

Inventory:

Hand Weapons
 o - a +1 scimitar of flaming (weapon)
Armour
 b - a +2 robe (worn)
 e - a +2 pair of gloves (worn)
 p - the +3 cloak "Puodiarr" (worn) {rC+ Will+ Str+3}
   (You found it on level 3 of the Dungeon)

   Str:       It affects your strength (+3).
   rC:        It protects you from cold.
   Will:      It increases your willpower.
Jewellery
 i - a +4 ring of slaying (left hand)
 l - a ring of magical power (right hand)
 z - a ring of see invisible
 B - a +6 ring of strength
Wands
 s - a wand of iceblast (12)
 t - a wand of flame (20)
Scrolls
 a - a scroll of immolation
 d - 3 scrolls of blinking
 f - 4 scrolls of teleportation
 k - 4 scrolls of identify
 m - 3 scrolls of fear
 A - 2 scrolls of amnesia
Potions
 c - 4 potions of ambrosia
 g - 2 potions of flight
 h - 2 potions of mutation
 j - 3 potions of attraction
 n - a potion of brilliance
 q - a potion of heal wounds
 r - 3 potions of lignification
 u - 3 potions of curing
 v - a potion of berserk rage
 x - a potion of might


   Skills:
 + Level 9.2 Fighting
 + Level 14.5 Long Blades
 + Level 9.4 Dodging
 - Level 2.0 Stealth


You had 10 spell levels left.
You didn't know any spells.
Your spell library contained the following spells:

 Spells                   Type           Power      Damage    Failure   Level
 Slow                     Hex            0%         N/A       36%         1
 Summon Small Mammal      Summ           0%         N/A       36%         1
 Blink                    Tloc           0%         N/A       50%         2
 Call Canine Familiar     Summ           0%         N/A       75%         3
 Confusing Touch          Hex            0%         N/A       75%         3
 Summon Guardian Golem    Hex/Summ       0%         N/A       75%         3
 Vampiric Draining        Necr           0%         2d6       75%         3
 Alistair's Intoxication  Tmut/Pois      0%         N/A       100%        5
 Borgnjor's Vile Clutch   Necr/Erth      0%         N/A       100%        5
 Manifold Assault         Tloc           0%         N/A       100%        5
 Eringya's Noxious Bog    Tmut/Pois      0%         N/A       100%        6
 Storm Form               Tmut/Air       0%         N/A       100%        7


Dungeon Overview and Level Annotations

Branches:
Dungeon (11/15)            Temple (1/1) D:4             Orc (0/2) D:10
  Sewer (visited)
   Lair: D:8-11

Altars:
Ashenzari
Cheibriados
Dithmenos
Elyvilon
Fedhas
Gozag
Hepliaklqana
Kikubaaqudgha
Makhleb
Nemelex Xobeh
Okawaru
Qazlal
Ru
Sif Muna
Trog
Uskayaw
Vehumet
Wu Jian
Xom
Yredelemnul
Zin
The Shining One

Shops:
D:3 ?!

Annotations:
D:9 3 runed translucent doors, exclusion: obsidian statue, warriortoast's ghost, journeyman MiFi


Innate Abilities, Weirdness & Mutations

You have a beak for a mouth.
You have claws for feet.
Your magical nature lets you fly swiftly and evasively.


Message History

Your peck misses something. Something hits you.
* * * LOW HITPOINT WARNING * * *
Something barely misses you.
You closely miss something. Your kick misses something. You peck something.
You hit something. You burn something. Makhleb accepts your kill.
You feel better.
Reactivating autopickup.
You feel a bit more experienced. Something hits you but does no damage.
Deactivating autopickup; reactivate with Ctrl-A.
Unknown command.
You swing at nothing.
Something barely misses you. Something barely misses you.
Items here: )) [ †.
You closely miss something. You claw something! You peck something.
You slice something!! You burn something. Makhleb accepts your kill.
You feel better.
Reactivating autopickup.
You feel a bit more experienced.
You swing at nothing.
You swing at nothing.
You start resting.
You start resting.
You start resting.
Key pressed, stopping explore.
A boulder beetle is nearby!
The boulder beetle leaps!
You see here a +0 flail.
A boulder beetle is nearby!
Unknown command.
The boulder beetle curls into a ball and begins rolling!
Found a stone staircase leading down.
The boulder beetle completely misses you.
The boulder beetle stops rolling and uncurls.
The boulder beetle curls into a ball and begins rolling!
An acid dragon comes into view.
Found 22 gold pieces.
The boulder beetle hits you!!!
Ouch! That really hurt!
You die...

.....# #####.....###
#....>.......
#######...........# ...
..................# ....
..D...............# ....
..................#....#
.......@B○°.......#....#
.......####°####........
....... #○.....)......
......$ #.B..)).......
....... #....)).......
......$ #...).)#...###
....... #......#...#
####### #......# ..#
########.######...#


You could see a boulder beetle (rolling) and an acid dragon (asleep).

Vanquished Creatures
  Erica (D:10)
  A wizard (D:9)
  An ugly thing (D:7)
  2 trolls (D:10)
  Sigmund (D:4)
  A shadow (D:10)
  2 wyverns
  10 yaks (D:10)
  2 wraiths
  A steam dragon (D:7)
  Menkaure (D:4)
  A two-headed ogre zombie (D:10)
  8 orc warriors
  A black bear (D:7)
  An ogre (D:5)
  6 centaurs
  3 phantoms
  Blork the orc (D:4)
  2 kobold brigands
  2 bullfrogs
  2 gnoll sergeants
  3 scorpions
  2 necrophages
  A wight (D:8)
  3 troll zombies (D:10)
  7 killer bees
  2 vampire bats (D:7)
  A howler monkey (D:9)
  4 electric eels (D:9)
  8 orc priests
  A hound (D:7)
  4 jellies
  A gnoll shaman (D:5)
  4 iguanas
  11 orc wizards
  Natasha (thrice) (D:4)
  4 ogre zombies (D:10)
  22 gnolls
  11 adders
  A shadow imp (D:6)
  2 white imps (D:6)
  2 worms
  40 orcs
  4 ball pythons
  2 bat skeletons (D:2)
  2 bat zombies (D:2)
  6 endoplasms
  11 giant cockroaches
  6 goblins
  6 hobgoblins
  9 jackals
  9 quokkas
  7 bats
  9 frilled lizards
  3 goblin skeletons (D:10)
  A goblin zombie (D:10)
  A hobgoblin skeleton (D:10)
  3 hobgoblin zombies (D:10)
  19 kobolds
  An orc skeleton (D:10)
  16 orc zombies (D:10)
  7 rats
  A spectral orc (D:8)
310 creatures vanquished.

Vanquished Creatures (others)
  An orc (D:9)
  5 plants
6 creatures vanquished.

Grand Total: 316 creatures vanquished

Notes
Turn   | Place    | Note
-------+----------+-------------------------------------------
     0 | D:1      | HendSelp the Tengu Monk began the quest for the Orb.
     0 | D:1      | Reached XP level 1. HP: 14/14 MP: 2/2
   276 | D:1      | Reached XP level 2. HP: 19/19 MP: 3/3
   297 | D:1      | Found a faded altar of an unknown god.
   857 | D:2      | Identified the +6 dagger of Yrri {freeze, rF+ Str+3 Dex+3}
   937 | D:2      | Reached XP level 3. HP: 23/23 MP: 4/4
  1218 | D:2      | Reached skill level 4 in Long Blades
  1655 | D:3      | Reached XP level 4. HP: 28/28 MP: 5/5
  1671 | D:3      | Identified the +3 cloak "Puodiarr" {rC+ Will+ Str+3}
  1748 | D:3      | Found Zimeigyzxu's Distillery.
  2231 | D:3      | Found Vesaest's Magic Scroll Emporium.
  2261 | D:3      | Gained mutation: Your magical nature lets you fly swiftly
                  | and evasively. [Tengu growth]
  2261 | D:3      | Reached XP level 5. HP: 10/33 MP: 6/6
  2738 | D:4      | Reached skill level 5 in Long Blades
  2791 | D:4      | Found a shadowy altar of Dithmenos.
  2865 | D:4      | Noticed Menkaure
  2872 | D:4      | Killed Menkaure
  2873 | D:4      | Reached XP level 6. HP: 14/38 MP: 7/7
  2905 | D:4      | Identified the +0 cloak "Datuzosy" {rC- Dex+4}
  2997 | D:4      | Noticed Sigmund
  3064 | D:4      | Found a glowing drain.
  3072 | D:4      | Reached skill level 6 in Long Blades
  3072 | D:4      | Noticed Natasha
  3082 | D:4      | Killed Natasha
  3083 | D:4      | Reached skill level 5 in Dodging
  3091 | Sewer    | Entered a sewer
  3284 | Sewer    | Reached XP level 7. HP: 44/44 MP: 8/8
  3504 | D:4      | Noticed Natasha
  3510 | D:4      | Killed Natasha
  3544 | D:4      | Reached skill level 7 in Long Blades
  3733 | D:4      | Found a staircase to the Ecumenical Temple.
  3783 | Temple   | Entered the Ecumenical Temple
  3874 | Temple   | Became a worshipper of Makhleb the Destroyer
  3874 | Temple   | Reached * piety under Makhleb
  3874 | Temple   | Reached ** piety under Makhleb
  4073 | D:4      | Noticed Blork the orc
  4081 | D:4      | Killed Blork the orc
  4190 | D:4      | Killed Sigmund
  4191 | D:4      | Reached skill level 5 in Fighting
  4299 | D:4      | Noticed Natasha
  4305 | D:4      | Killed Natasha
  4306 | D:4      | Reached XP level 8. HP: 49/49 MP: 9/9
  4970 | D:5      | Entered Level 5 of the Dungeon
  4975 | D:5      | Reached skill level 8 in Long Blades
  5083 | D:5      | Found a hide-covered altar of Uskayaw.
  5137 | D:5      | Found an iron altar of Okawaru.
  5707 | D:6      | Reached skill level 9 in Long Blades
  5724 | D:6      | Noticed a wraith
  5738 | D:6      | Killed a wraith
  5921 | D:6      | Reached XP level 9. HP: 26/55 MP: 10/10
  5935 | D:6      | Reached skill level 10 in Long Blades
  6053 | D:6      | Reached *** piety under Makhleb
  6548 | D:7      | Found an ancient bone altar of Kikubaaqudgha.
  6824 | D:7      | Reached skill level 11 in Long Blades
  6945 | D:7      | Noticed a white ugly thing
  6951 | D:7      | Killed a white ugly thing
  7133 | D:7      | Identified the +2 ring mail of Lawum {rCorr MP+9 Int+2
                  | Dex-3}
  7240 | D:8      | Found an opulent altar of Gozag.
  7417 | D:8      | Reached XP level 10. HP: 45/63 MP: 11/11
  7557 | D:8      | Found a basalt altar of Yredelemnul.
  7661 | D:8      | Reached skill level 12 in Long Blades
  7692 | D:8      | Found a radiant altar of Vehumet.
  7775 | D:8      | Reached **** piety under Makhleb
  7791 | D:8      | Found an ornate altar of the Wu Jian Council.
  8240 | D:9      | Found a runed translucent gate.
  8240 | D:9      | Found a runed translucent gate.
  8240 | D:9      | Found an opulent altar of Gozag.
  8240 | D:9      | Found a runed translucent gate.
  8241 | D:9      | Noticed an obsidian statue
  8242 | D:9      | Noticed warriortoast's ghost (journeyman MiFi)
  8243 | D:9      | Noticed a catoblepas
  8246 | D:9      | Noticed a salamander
  8351 | D:9      | Noticed a manticore
  9564 | D:9      | Noticed a wizard
  9573 | D:9      | Killed a wizard
 10102 | D:9      | Noticed a faun
 10134 | D:10     | Entered Level 10 of the Dungeon
 10175 | D:10     | Noticed Erica
 10183 | D:10     | Killed Erica
 10184 | D:10     | Reached skill level 13 in Long Blades
 10204 | D:10     | Reached ***** piety under Makhleb
 10206 | D:10     | Found a staircase to the Orcish Mines.
 10288 | D:10     | Reached XP level 11. HP: 54/69 MP: 12/12
 10456 | D:10     | Reached skill level 14 in Long Blades
 10662 | D:10     | Found a stormy altar of Qazlal.
 11033 | D:10     | Found a white marble altar of Elyvilon.
 11033 | D:10     | Found a glowing silver altar of Zin.
 11033 | D:10     | Found a glowing golden altar of the Shining One.
 11129 | D:10     | Identified the +1 leather armour "Korghiunwe" {Rampage rC+}
 11268 | D:11     | Noticed a boulder beetle
 11849 | D:11     | Mangled by a boulder beetle

Illustrated notes

Levels and vault maps discovered:
D:1:      lightli_arrival_noodles, layout_basic,
          shapermc_ecumenical_altar_starsandcircs, minmay_misc_feat_room,
          minmay_misc_feat_plants
D:2:      layout_loops_ring, serial_undead, serial_undead_d, serial_undead_e,
          serial_undead_e, serial_undead_e, serial_undead_b
D:3:      layout_basic, serial_shops, shop_fountains,
          nicolae_shop_temple_entry_statues_fountains,
          kennysheep_generic_room_14
D:4:      layout_layer_cave, nicolae_dithmenos_the_darkroom,
          minmay_temple_entry_mist, gup_sewer_entry_glass, st_stairs_12,
          kennysheep_generic_room_12, uniq_menkaure, uniq_blork_the_orc,
          uniq_natasha, uniq_sigmund
D:5:      layout_gridville, nicolae_uskayaw_suspiria, general_overflow_altar
D:6:      layout_basic, kennysheep_small_spiral
D:7:      layout_basic, kiku_gazebo_pond_becter, roderic_batcave,
          dreamdust_wishing_well
D:8:      minmay_general_purpose_star, layout_loops_ring,
          mainiacjoe_overflow_cross_hatched,
          yredelemnul_forgotten_temple_becter,
          mainiacjoe_overflow_surrounded_room,
          mainiacjoe_overflow_small_starburst
D:9:      layout_gridville, ebering_ghost_gozag, corner_web_ring,
          kennysheep_crisscross
D:10:     layout_roguey, good_gods_mini_temple,
          nicolae_qazlal_general_emergency, zombieorc2_lemuel, uniq_erica
D:11:     layout_basic, dpeg_oklobed_lair
Temple:   zaba_magenta_temple

Skill      XL: |  1  2  3  4  5  6  7  8  9 10 11 |
---------------+----------------------------------+-----
Long Blades    | 4 5 6 7 9 11 13 14 | 14.5
Dodging        | 4 5 6 7 9 |  9.4
Fighting       | 4 5 7 8 9 |  9.2
Stealth        | |  2.0

Action                   |  1- 3 |  4- 6 |  7- 9 | 10-12 || total
-------------------------+-------+-------+-------+-------++-------
Melee: Falchion          |    66 |    84 |   232 |   207 ||   589
       Peck              |    10 |     9 |    46 |    86 ||   151
       Kick              |    15 |    20 |    58 |   137 ||   230
       Punch             |       |       |     4 |     6 ||    10
       Scimitar          |       |       |       |   137 ||   137
Throw: Throwing net      |       |       |       |     1 ||     1
  Use: Scroll            |     5 |     8 |    11 |     5 ||    29
       Potion            |       |     2 |     2 |       ||     4
 Stab: Sleeping          |     5 |     5 |     8 |       ||    18
       Distracted        |       |       |     2 |       ||     2
Armor: Robe              |    14 |    17 |    31 |    17 ||    79
       Ring mail         |       |       |       |    66 ||    66
Dodge: Dodged            |    54 |    72 |   187 |   268 ||   581

Table legend: (Time is in decaauts)
 A = Elapsed time spent in this place.
 B = Non-inter-level travel time spent in this place.
 C = Inter-level travel time spent in this place.
 D = Time resting spent in this place.
 E = Time spent auto-exploring this place.
 F = Levels seen in this place.
 G = Mean time per level.
                   A        B        C        D        E       F      G
               +--------+--------+--------+--------+--------+-----+--------+
         Total |  11130 |  10648 |    482 |   1109 |   7723 |  13 |  856.2 |
       Dungeon |  10681 |  10212 |    469 |   1109 |   7442 |  11 |  971.0 |
        Temple |     94 |     82 |     12 |      0 |     45 |   1 |   94.0 |
         Sewer |    353 |    353 |      0 |      0 |    236 |   1 |  353.0 |
               +--------+--------+--------+--------+--------+-----+--------+

Top non-repeatable levels by time:
     D:4: 1626 daAuts
     D:8: 1417 daAuts
     D:9: 1289 daAuts
    D:10: 1181 daAuts
     D:2: 1143 daAuts
     D:6: 794 daAuts
     D:1: 781 daAuts
     D:3: 773 daAuts
     D:5: 651 daAuts
     D:7: 647 daAuts
    D:11: 376 daAuts
   Sewer: 353 daAuts
  Temple: 94 daAuts
